 Dungeon Crawl Stone Soup version 0.30-a0-777-ga9a30cbeda (webtiles) character file.

Game seed: 6950251039596850439

9 Esekla the Sneak (level 2, -1/21 HPs)
             Began as an Octopode Delver on Feb 15, 2023.
             Succumbed to an adder's poison
             ... on level 5 of the Dungeon.
             The game lasted 00:02:05 (86 turns).

Esekla the Sneak (Octopode Delver)                    Turns: 86, Time: 00:02:05

Health: -1/21      AC:  1    Str: 11    XL:     2   Next: 16%
Magic:  2/2        EV: 13    Int: 12    God:
Gold:   59         SH:  0    Dex: 13    Spells: 1/1 levels left

rFire   . . .      SeeInvis .    a - +0 falchion
rCold   . . .      Faith    .    (no shield)
rNeg    . . .      Spirit   .    (helmet restricted)
rPois   .          Reflect  .    (no amulet)
rElec   .          Harm     .    (no ring)
rCorr   .          Rampage  .    (no ring)
Will    .....                    (no ring)
Stlth   ++++                     (no ring)
HPRegen 0.23/turn                (no ring)
MPRegen 0.08/turn                (no ring)
                                 (no ring)
                                 (no ring)

@: lethally poisoned (-1 -> -6)
A: almost no armour, amphibious, 8 rings, camouflage 1, gelatinous body 1,
(nimble swimmer 1), tentacles
a: no special abilities


You were on level 5 of the Dungeon.
You visited 1 branch of the dungeon, and saw 1 of its levels.

You collected 59 gold pieces.

Inventory:

Hand Weapons
 a - a +0 falchion (weapon)
 g - the +6 shillelagh "Devastator" {shatter}
   (You found it on level 5 of the Dungeon)
Wands
 f - a wand of digging (3)
Scrolls
 b - a scroll of fog
 c - a scroll of vulnerability {unknown}
 d - a scroll of fear
Potions
 e - a potion of haste


   Skills:
 * Level 3.1 Fighting
 * Level 2.1 Long Blades
 * Level 2.1 Dodging
 + Level 6.9 Stealth
 * Level 0.2 Spellcasting


You had one spell level left.
You didn't know any spells.
Your spell library was empty.

Dungeon Overview and Level Annotations

Branches:
Dungeon (5/15)
 Temple: D:4-7

Altars:

Annotations:
D:5 Blork the orc


Innate Abilities, Weirdness & Mutations

You cannot wear most types of armour.
You are amphibious.
You can wear up to eight rings at the same time.
Your skin changes colour to match your surroundings (Stealth+).
Your rubbery body absorbs attacks. (AC +1, EV +1)
((You are camouflaged when in or above water. (Stealth+)))
You have tentacles for arms and can constrict up to eight enemies at once.


Message History

You see here the +6 shillelagh "Devastator" {shatter}.
g - the +6 shillelagh "Devastator" {shatter}
Found 17 gold pieces.
Found 19 gold pieces.
You now have 28 gold pieces (gained 17).
Found 12 gold pieces.
You now have 47 gold pieces (gained 19).
You now have 59 gold pieces (gained 12).
A bullfrog comes into view.
Found a stone staircase leading down.
Found a leather armour.
Blork the orc comes into view.
He is wielding a +0 dire flail and wearing a +2 robe of willpower.
Found 8 stones.
An adder comes into view.
The adder hisses angrily.
The adder bites you.
You miss the adder. Your grab misses the adder. Your squeeze misses the adder.
The adder bites you.
You slash the adder! Your grab misses the adder.
The adder is heavily wounded.
The adder bites you.
You are poisoned.
The adder poisons you! The adder completely misses you.
You closely miss the adder. Your grab misses the adder.
The adder is heavily wounded.
You feel sick. The adder barely misses you.
You closely miss the adder. Your grab misses the adder.
The adder is heavily wounded.
You feel sick. The adder bites you.
* * * LOW HITPOINT WARNING * * *
You are lethally poisoned!
The adder poisons you! The adder barely misses you.
Okay, then.
You closely miss the adder. You grab the adder. You squeeze the adder.
You kill the adder!
* * * LOW HITPOINT WARNING * * *
You feel sick.
You have reached level 2!
Found a scroll labelled FAXTAI AD WOI.
You die...

*,*,* #.# *,,*****,,, *,*,** #.#
*,,**,**,*, *,*,,* #.#
*,,,,,,,,** *,**,**** #.##
**,**,*,*** *,,<,,,,** ###..##
*,**,*,* * *,,,,,,,,*****#..#..#
*,**,*,*** *,,,,,,,,,,,,,#.†.#.#
*,*,,,,,,, *,,,,,,,,,,,,,#.#...#
*,,,,,,,,,
*,,,,,,,******##@#.##*****,,,*,,*
*,,,,,,,* #...#.#,,,,,,,**,,,
*,,,,,,,* #.#...#*****,,,*,,*
****,**,* #?,#..# ***,,*,*,*
*,**,* ##,,###***,,,,*,*,*
*,**,*** **_**,,,,,,,,,,*,*
*,**,,^* ***,***,,******,*
*,**,,************ *,,* ****,*
*,,,,,,,,,,,,,,* *,,***,,,,,


There were no monsters in sight!

Vanquished Creatures
  An adder (D:5)
1 creature vanquished.

Notes
Turn   | Place    | Note
-------+----------+-------------------------------------------
     0 | D:5      | Esekla the Octopode Delver began the quest for the Orb.
     0 | D:5      | Reached XP level 1. HP: 16/16 MP: 1/1
    11 | D:5      | Found the +6 shillelagh "Devastator" {shatter}
    38 | D:5      | Noticed a bullfrog
    65 | D:5      | Noticed Blork the orc
    86 | D:5      | Reached XP level 2. HP: 1/21 MP: 2/2
    86 | D:5      | Succumbed to an adder's poison

Illustrated notes

Levels and vault maps discovered:
D:5:      layout_loops_ring, marbit_many_paths, uniq_edmund, uniq_ijyb,
          uniq_blork_the_orc

Action                     || total
---------------------------++-------
  Melee: Falchion          ||     5
         Constrict         ||     1
         Tentacles         ||     1
    Use: Scroll            ||     1
  Dodge: Dodged            ||     3

Table legend: (Time is in decaauts)
 A = Elapsed time spent in this place.
 B = Non-inter-level travel time spent in this place.
 C = Inter-level travel time spent in this place.
 D = Time resting spent in this place.
 E = Time spent auto-exploring this place.
 F = Levels seen in this place.
 G = Mean time per level.
                   A        B        C        D        E       F      G
               +--------+--------+--------+--------+--------+-----+--------+
         Total |     87 |     87 |      0 |      0 |      0 |   1 |   87.0 |
       Dungeon |     87 |     87 |      0 |      0 |      0 |   1 |   87.0 |
               +--------+--------+--------+--------+--------+-----+--------+

Top non-repeatable levels by time:
     D:5: 87 daAuts
